 Dungeon Crawl Stone Soup version 0.27.0-1-g7a089689b8 (webtiles) character file.

Game seed: 3084184566143538707

379 graki42 the Magician (level 6, 0/32 HPs)
             Began as a Deep Elf Fire Elementalist on Aug 13, 2021.
             Slain by a jackal (2 damage)
             ... on level 6 of the Dungeon.
             The game lasted 00:09:51 (2290 turns).

graki42 the Magician (Deep Elf Fire Elementalist)   Turns: 2290, Time: 00:09:52

Health: 0/32       AC:  2    Str:  7    XL:     6   Next: 45%
Magic:  13/16      EV: 13    Int: 20    God:
Gold:   42         SH:  0    Dex: 15    Spells: 8/15 levels left

rFire    . . .     SeeInvis .   c - +0 short sword
rCold    . . .     Faith    .   (no shield)
rNeg     . . .     Spirit   .   a - +0 robe
rPois    .         Reflect  .   (no helmet)
rElec    .         Harm     .   (no cloak)
rCorr    .         Rampage  .   (no gloves)
Will     .....                  (no boots)
Stlth    ++........             (no amulet)
HPRegen  0.10/turn              (no ring)
MPRegen  0.15/turn              (no ring)

@: no status effects
A: no striking features
a: no special abilities


You were on level 6 of the Dungeon.
You visited 1 branch of the dungeon, and saw 5 of its levels.

You collected 42 gold pieces.

Inventory:

Hand Weapons
 c - a +0 short sword (weapon)
Armour
 a - a +0 robe (worn)
Potions
 e - a potion of degeneration


   Skills:
 - Level 3.0 Dodging
 - Level 3.0 Stealth
 + Level 5.4 Spellcasting
 + Level 3.7 Conjurations
 + Level 2.4 Hexes
 + Level 5.0 Fire Magic


You had 8 spell levels left.
You knew the following spells:

 Your Spells              Type           Power      Damage    Failure   Level
a - Foxfire               Conj/Fire      92%        2x1d8     1%          1
b - Conjure Flame         Conj/Fire      23%        6-21      5%          3
c - Inner Flame           Hex/Fire       20%        N/A       7%          3

Your spell library contained the following spells:

 Spells                   Type           Power      Damage    Failure   Level
 Static Discharge         Conj/Air       12%        N/A       8%          2
 Sticky Flame             Conj/Fire      23%        2d4       19%         4
 Fireball                 Conj/Fire      11%        3d7       45%         5
 Dispel Undead            Necr           5%         3d7       73%         4


Dungeon Overview and Level Annotations

Branches:
Dungeon (6/15)
 Temple: D:4-7

Altars:

Shops:
D:1 =


Message History

Found an escape hatch in the floor.
The jackal bites you but does no damage.
There is an escape hatch in the floor here.
The jackal closely misses you.
You slide downwards.
The hatch slams shut behind you.
An adder and a necrophage come into view.
Found a short sword.
Unknown command.
Casting: Foxfire (safe; 1% risk of failure)
Confirm with . or Enter, or press ? or * to list all spells.
You conjure some foxfire!
The jackal bites you.
* * * LOW HITPOINT WARNING * * *
The jackal bites you.
* * * LOW HITPOINT WARNING * * *
Unknown command.
Casting: Foxfire (safe; 1% risk of failure)
Confirm with . or Enter, or press ? or * to list all spells.
You conjure some foxfire!
The foxfire hits the necrophage.
The necrophage is lightly damaged.
The foxfire hits the necrophage.
The necrophage is moderately damaged.
The jackal barely misses you. The necrophage closely misses you.
Casting: Foxfire (safe; 1% risk of failure)
Confirm with . or Enter, or press ? or * to list all spells.
You conjure some foxfire!
The foxfire hits the adder.
The adder is moderately wounded.
The foxfire hits the necrophage.
The necrophage is heavily damaged.
The jackal bites you.
* * * LOW HITPOINT WARNING * * *
The adder barely misses you. The necrophage barely misses you.
Your foxfire dissipates!
An adder comes into view.
The foxfire hits the adder.
The adder is heavily wounded.
The adder hisses angrily.
The adder bites you.
* * * LOW HITPOINT WARNING * * *
The jackal bites you.
You die...

# .....
#.### ....##
.#.. .....
... #...#
#..#.#.. #.
#.#...#...#
##..n.......
#..@h#
#.....S#)#
#.##..#S..#
#.. .....
#.. .#...#
#.. #.#...#
#.. . #...#
#.. .. ....


You could see a necrophage, 2 adders and a jackal.

Vanquished Creatures
  Sigmund (D:4)
  An ogre (D:4)
  2 iguanas (D:4)
  An orc wizard (D:4)
  4 adders
  A worm (D:2)
  3 orcs (D:4)
  3 bats
  An endoplasm (D:2)
  2 hobgoblins (D:1)
  3 jackals (D:4)
  A quokka (D:1)
  3 ball pythons
  3 frilled lizards
  3 goblins
  2 kobolds
  3 rats
37 creatures vanquished.

Vanquished Creatures (others)
  146 foxfires
146 creatures vanquished.

Grand Total: 183 creatures vanquished

Notes
Turn   | Place    | Note
-------+----------+-------------------------------------------
     0 | D:1      | graki42 the Deep Elf Fire Elementalist began the quest for
                  | the Orb.
     0 | D:1      | Reached XP level 1. HP: 10/10 MP: 6/6
   149 | D:1      | Found Letug's Jewellery Shop.
   681 | D:1      | Reached XP level 2. HP: 14/15 MP: 4/8
  1351 | D:2      | Reached XP level 3. HP: 19/19 MP: 4/9
  1355 | D:2      | Learned a level 3 spell: Conjure Flame
  1359 | D:2      | Learned a level 3 spell: Inner Flame
  1409 | D:2      | Found a faded altar of an unknown god.
  1711 | D:2      | You fall into a shaft and drop 2 floors!
  1768 | D:4      | Noticed an ogre
  1775 | D:4      | Killed an ogre
  1776 | D:4      | Reached XP level 4. HP: 24/24 MP: 3/12
  1780 | D:4      | Reached XP level 5. HP: 20/28 MP: 1/13
  1853 | D:4      | Noticed Sigmund
  1859 | D:4      | Killed Sigmund
  1860 | D:4      | Reached skill level 5 in Spellcasting
  1860 | D:4      | Reached XP level 6. HP: 31/32 MP: 5/15
  2180 | D:4      | Reached skill level 5 in Fire Magic
  2221 | D:5      | Entered Level 5 of the Dungeon
  2274 | D:5      | Noticed a sky beast
  2290 | D:6      | Slain by a jackal

Illustrated notes

Levels and vault maps discovered:
D:1:      heliophobic_arrival_glass_houses, layout_basic, serial_shops, shop
D:2:      layout_loops_ring, ebering_ecumenical_altar_sacrificial
D:4:      layout_layer_cave, grunt_ministairs_7, hex_medium, feat_on_display,
          uniq_sigmund, uniq_pikel, uniq_crazy_yiuf_cottage, uniq_edmund
D:5:      cheibrodos_helix_gallery, layout_basic, mainiacjoe_overflow_24_doors,
          kennysheep_mini_moat
D:6:      cheibrodos_fzero, layout_loops_cross, minitemple, old_standard_altar,
          serial_shops, shop, shop, nicolae_shop_crystal, uniq_grinder,
          uniq_maggie

Skill      XL: |  1  2  3  4  5  6 |
---------------+-------------------+-----
Stealth        | 3 |  3.0
Dodging        | 3 |  3.0
Spellcasting   | 4 5 |  5.4
Conjurations   | 2 3 |  3.7
Fire Magic     | 4 5 |  5.0
Hexes          | 2 |  2.4

Action                   |  1- 3 |  4- 6 || total
-------------------------+-------+-------++-------
Melee: Unarmed           |     1 |       ||     1
       Short sword       |     1 |     1 ||     2
 Cast: Foxfire           |    46 |    39 ||    85
  Use: Scroll            |       |     1 ||     1
       Potion            |       |     1 ||     1
Armor: Robe              |       |    11 ||    11
Dodge: Dodged            |     6 |    28 ||    34
